[Event "Late-Titled-Tuesday-Blitz-January-16-2024"]
[Site "Chess.com"]
[Date "2024.01.16"]
[Round "3"]
[White "cristiano78"]
[Black "Quattroporte300"]
[Result "0-1"]
[WhiteElo "2220"]
[BlackElo "2410"]
[TimeControl "180+1"]
[EndTime "14:26:36 PST"]
[Termination "Quattroporte300 won by resignation"]

1. d4 Nf6 2. c4 g6 3. Nc3 Bg7 4. e4 O-O 5. Nf3 d6 6. Be2 Nbd7 7. O-O e5 8. Be3 Re8 9. d5 a5 10. Nd2 Nc5 11. b3 Bd7 12. a3 Na6 13. Rb1 c5 14. dxc6 bxc6 15. b4 axb4 16. axb4 Rb8 17. b5 Nc5 18.
bxc6 Bxc6 19. Nd5 Nfxe4 20. Nxe4 Nxe4 21. Qc2 f5 22. Rxb8 Qxb8 23. Rb1 Qd8 24. Bb6 Qd7 25.
Bd3 Nc5 26. Bxc5 dxc5 27. Be2 e4 28. Rd1 Qf7 29. Qa2 Bd4 30. Qa6 Qb7 31. Qxb7 Bxb7 32. Rxd4 cxd4 33. Nf6+ Kf7 34. Nxe8 Kxe8 35. Bd1 Ba6 36.
Bb3 Kd7 37. Kf1 Kd6 38. Ke2 Kc5 39. Kd2 Bxc4 40. Ba4 f4 41. Be8 g5 42. Bh5 e3+ 43. fxe3 fxe3+ 44. Ke1 d3 0-1

[Event "Late-Titled-Tuesday-Blitz-January-16-2024"]
[Site "Chess.com"]
[Date "2024.01.16"]
[Round "3"]
[White "cassoulet"]
[Black "Nouali_Mohamed"]
[Result "1-0"]
[WhiteElo "2771"]
[BlackElo "2544"]
[TimeControl "180+1"]
[EndTime "14:26:39 PST"]
[Termination "cassoulet won on time"]

1. d4 Nf6 2. Bg5 Ne4 3. Bf4 d5 4. Nd2 Nxd2 5. Qxd2 Nc6 6. Nf3 Bg4 7. e3 e6 8. Bb5 Bxf3 9. gxf3 Bd6 10. Qc3 O-O 11.
Bxc6 bxc6 12. Bg3 Rb8 13. a3 Rb5 14. b3 c5 15. Qd3 Rb8 16. dxc5 Bxc5 17. O-O a5 18.
Qc3 Bb6 19. Kh1 Qg5 20. Rg1 d4 21. exd4 Qf5 22. d5 g6 23. dxe6 fxe6 24. Kg2 Rbd8 25.
Rad1 Rd5 26. Rge1 Rfd8 27. Rxd5 Rxd5 28. Re4 Rc5 29. Qd3 Rd5 30. Qe2 Kf7 31. Rf4 1-0

[Event "Late-Titled-Tuesday-Blitz-January-16-2024"]
[Site "Chess.com"]
[Date "2024.01.16"]
[Round "3"]
[White "frederiksvane"]
[Black "N18player"]
[Result "1-0"]
[WhiteElo "2896"]
[BlackElo "2526"]
[TimeControl "180+1"]
[EndTime "14:26:40 PST"]
[Termination "frederiksvane won by resignation"]

1. g3 g6 2. Bg2 Bg7 3. c4 Nf6 4. Nc3 c6 5. e4 e5 6. Nf3 O-O 7. O-O d5 8. cxd5 cxd5 9. Nxe5 Nxe4 10. d4 Nxc3 11. bxc3 Nc6 12. Bf4 Be6 13. Rb1 Nxe5 14.
Bxe5 b6 15. Bxg7 Kxg7 16. Re1 Rc8 17. Re3 Rc6 18. h4 h5 19. Qb3 Qd6 20. Rbe1 Rfc8 21. a4 Rc4 22. Ra1 Qc7 23. Ra3 Qd6 24. Qb2 Qc6 25. Bf1 Bg4 26. Bxc4 dxc4 27. Ra1 Bh3 28.
f3 Be6 29. Qb5 Qb7 30. Kf2 Bd7 31. Qe5+ Kg8 32. Qf6 Rc6 33. Qd8+ Kg7 34. Qe7 Re6 35. Rxe6 1-0

[Event "Late-Titled-Tuesday-Blitz-January-16-2024"]
[Site "Chess.com"]
[Date "2024.01.16"]
[Round "3"]
[White "eCztery"]
[Black "JaackCamel"]
[Result "1-0"]
[WhiteElo "2429"]
[BlackElo "2158"]
[TimeControl "180+1"]
[EndTime "14:26:40 PST"]
[Termination "eCztery won by resignation"]

1. e4 e6 2. d4 d5 3. exd5 exd5 4.
Nf3 Nf6 5. Bd3 Bd6 6. O-O O-O 7.
h3 h6 8. c4 dxc4 9. Bxc4 Nbd7 10. Nbd2 Nb6 11. Bb3 c6 12. Re1 Bf5 13. Ne5 Qc7 14.
Ndf3 Rad8 15. Bf4 Be4 16. Qe2 Bf5 17. Rad1 Nbd5 18. Bh2 Be4 19. Nh4 Bh7 20. Qf3 Qc8 21.
Nc4 Bxh2+ 22. Kxh2 Rfe8 23. Ne3 Qc7+ 24. g3 Be4 25. Nxd5 Bxd5 26. Bxd5 Nxd5 27. Nf5 Qd7 28. Qg4 f6 29. Rxe8+ Rxe8 30. Nxh6+ Kh7 31. Qxd7 Re7 32. Qf5+ g6 33. Qf3 Kxh6 34. Rd2 Kg7 35. Re2 Rd7 36. Re6 Rf7 37. Rd6 a6 38. Rxd5 cxd5 39. Qxd5 Re7 40. Qd6 Rf7 41. d5 1-0

[Event "Late-Titled-Tuesday-Blitz-January-16-2024"]
[Site "Chess.com"]
[Date "2024.01.16"]
[Round "3"]
[White "Sjakkerntobi"]
[Black "vladislavkovalev"]
[Result "0-1"]
[WhiteElo "2524"]
[BlackElo "2837"]
[TimeControl "180+1"]
[EndTime "14:26:43 PST"]
[Termination "vladislavkovalev won by checkmate"]

1. e4 e5 2. Nf3 Nc6 3. Bc4 Nf6 4. d3 Bc5 5. c3 d6 6. a4 a6 7. O-O h6 8. Nbd2 Ba7 9. Re1 g5 10.
d4 g4 11. Nh4 exd4 12. cxd4 Bxd4 13. Qb3 Qe7 14. Nf5 Bxf5 15. Qxb7 Ra7 16. Qxc6+ Bd7 17.
Bxf7+ Qxf7 18. Qc2 O-O 19. Nb3 Be5 20. Bxh6 Qh5 21.
Bxf8 Qxh2+ 22. Kf1 Kxf8 23. Nc5 Bc8 24. Nd3 Nd7 25. a5 g3 26. Nxe5 Nxe5 27. Qc3 Bg4 28. fxg3 c5 29. Re2 Qh1+ 30. Kf2 Rf7+ 31. Ke3 Qh6# 0-1

[Event "Late-Titled-Tuesday-Blitz-January-16-2024"]
[Site "Chess.com"]
[Date "2024.01.16"]
[Round "3"]
[White "RaugintaBulba"]
[Black "jinxy2009"]
[Result "1-0"]
[WhiteElo "2443"]
[BlackElo "2250"]
[TimeControl "180+1"]
[EndTime "14:26:44 PST"]
[Termination "RaugintaBulba won on time"]

1. d4 d5 2. c4 e6 3. Nf3 Nf6 4.
g3 h6 5. Bg2 Bd6 6. O-O O-O 7.
Nc3 Nc6 8. e3 b6 9. a3 Bb7 10.
cxd5 exd5 11. b4 Re8 12. Qb3 Ne7 13. Rd1 Qd7 14. Bb2 Rac8 15. Ne5 Qf5 16. Nb5 Bxe5 17. dxe5 Ne4 18. f3 Ng5 19. f4 Ne4 20. Nxa7 Rcd8 21. Nb5 c5 22. bxc5 bxc5 23. Nc7 Bc6 24. Nxe8 Rxe8 25. a4 d4 26. exd4 cxd4 27. Qd3 Nc5 28.
Qxf5 1-0

[Event "Late-Titled-Tuesday-Blitz-January-16-2024"]
[Site "Chess.com"]
[Date "2024.01.16"]
[Round "3"]
[White "youngdinousaur"]
[Black "BozeKat"]
[Result "1-0"]
[WhiteElo "2347"]
[BlackElo "2101"]
[TimeControl "180+1"]
[EndTime "14:26:45 PST"]
[Termination "youngdinousaur won on time"]

1. d4 d5 2. Nf3 Nf6 3. Bf4 c5 4.
e3 Nc6 5. c3 Qb6 6. Qc2 Bf5 7.
dxc5 Bxc2 8. cxb6 axb6 9. Na3 Rxa3 10. bxa3 e5 11. Nxe5 Bxa3 12. Bb5 Bb2 13. Nxc6 bxc6 14. Bxc6+ Ke7 15. O-O Bxa1 16. Rxa1 Rc8 17. Bb5 Rxc3 18. Be5 Rc5 19. a4 g6 20. Bd4 Rc8 21. Bxb6 Nd7 22. Bd4 Ra8 23. a5 Nb8 24. a6 Nxa6 25.
Rxa6 Rb8 26. Rb6 Ra8 27. Ba6 Kf8 28. h4 h5 29. Rd6 Be4 30. Bb7 Rb8 31. Bxd5 Bf5 32.
Rb6 Rd8 33. e4 Bg4 34. f3 Bd7 35. Rb7 g5 36. hxg5 h4 37. Kh2 h3 38. gxh3 Kg8 39. h4 Kh7 40. Kg3 f5 41. exf5 Rf8 42. Rxd7+ 1-0

[Event "Late-Titled-Tuesday-Blitz-January-16-2024"]
[Site "Chess.com"]
[Date "2024.01.16"]
[Round "3"]
[White "sergeikim"]
[Black "PawelCzarnota"]
[Result "1/2-1/2"]
[WhiteElo "2573"]
[BlackElo "2802"]
[TimeControl "180+1"]
[EndTime "14:26:48 PST"]
[Termination "Game drawn by repetition"]

1. d4 Nf6 2. c4 g6 3. Nc3 Bg7 4. e4 d6 5. Nge2 O-O 6. Ng3 e5 7. d5 a5 8. Be2 Na6 9. O-O Nc5 10. Be3 b6 11. h3 Nfd7 12. Qd2 f5 13. exf5 gxf5 14.
f4 exf4 15. Bxf4 Ne5 16. Nh5 Rf7 17. Rae1 Bd7 18. b3 Qf8 19. Nxg7 Qxg7 20. Bh5 Ng6 21. Bh6 Qf6 22. Bg5 Qg7 23. Bh6 Qh8 24. Rf3 Re8 25. Ref1 Ne4 26. Nxe4 Rxe4 27. Rg3 Qd4+ 28. Qxd4 Rxd4 29. Re1 Re4 30. Rge3 Rfe7 31. Rxe4 fxe4 32. Kf2 Re5 33. g4 Nh4 34. Kg3 Rxh5 35. gxh5 Nf5+ 36. Kf4 Nxh6 37. Rxe4 Kf7 38. Kg5 Ng8 39. h6 Bxh3 40.
Rf4+ Ke7 41. Re4+ Kf8 42. Rf4+ Ke8 43. Re4+ Kd8 44. Rf4 Ke8 45. Re4+ Kf7 46. Rf4+ Ke7 47.
Re4+ Kf7 1/2-1/2

[Event "Late-Titled-Tuesday-Blitz-January-16-2024"]
[Site "Chess.com"]
[Date "2024.01.16"]
[Round "3"]
[White "Chessbard1972"]
[Black "xakevicius91"]
[Result "0-1"]
[WhiteElo "2396"]
[BlackElo "2529"]
[TimeControl "180+1"]
[EndTime "14:26:49 PST"]
[Termination "xakevicius91 won on time"]

1. e4 c5 2. Nc3 Nc6 3. f4 g6 4. Nf3 Bg7 5. Bc4 e6 6. d3 Nge7 7. a4 O-O 8. O-O d5 9. Ba2 b6 10. Kh1 Bb7 11. Qe1 Nb4 12. Bb3 Nec6 13. Qf2 Na5 14.
Ba2 Nac6 15. Bb1 Nd4 16. Nxd4 cxd4 17. Ne2 dxe4 18. dxe4 Bxe4 19. Ng3 Bb7 20. Bd2 Nd5 21. Ba2 Ne7 22. Bb4 Re8 23. Rad1 Nf5 24. Nxf5 exf5 25.
c3 d3 26. Bc4 Re2 27. Qxe2 dxe2 28. Rxd8+ Rxd8 29. Bxe2 Rd2 30. Bf3 Bxf3 31. gxf3 Rxb2 32. a5 Bf8 33. axb6 axb6 34. Bxf8 Kxf8 35. Rd1 Rc2 36. Rd3 Kg7 37. h3 Kh6 38. Kg1 Kh5 39. Rd7 Rxc3 40. Rxf7 h6 41. Kg2 b5 42. Rb7 Rb3 43.
Rb6 Rb1 0-1

[Event "Late-Titled-Tuesday-Blitz-January-16-2024"]
[Site "Chess.com"]
[Date "2024.01.16"]
[Round "3"]
[White "luis-garcia"]
[Black "Smile2005"]
[Result "1-0"]
[WhiteElo "2128"]
[BlackElo "2338"]
[TimeControl "180+1"]
[EndTime "14:26:51 PST"]
[Termination "luis-garcia won by checkmate"]

1. d4 Nf6 2. c4 g6 3. g3 Bg7 4. Bg2 c6 5. Nc3 d5 6. Nf3 O-O 7. Qb3 dxc4 8. Qxc4 Nbd7 9. O-O Nb6 10. Qd3 Be6 11. Rd1 Bc4 12. Qc2 Rc8 13. Ne5 Be6 14. e4 Nfd7 15. Nf3 Bg4 16. Bf4 Qe8 17. h3 Bxf3 18.
Bxf3 e5 19. dxe5 Nxe5 20. Bg2 Qe6 21. Na4 Nxa4 22. Qxa4 Nc4 23. Qxa7 Nxb2 24. Rd6 Qe7 25. e5 Nc4 26. Rxc6 Ra8 27. Qxa8 Rxa8 28. Rxc4 h6 29. a4 g5 30. Be3 Qxe5 31. Rb1 Qe8 32. Bxb7 Rd8 33. a5 Qe6 34. Rcc1 f5 35. Rd1 Rxd1+ 36. Rxd1 f4 37. Bd5 Qxd5 38. Rxd5 fxe3 39. fxe3 Bc3 40. a6 Bd2 41. Kf2 Bxe3+ 42. Kxe3 g4 43. Rd7 gxh3 44. a7 h2 45. a8=Q# 1-0

[Event "Late-Titled-Tuesday-Blitz-January-16-2024"]
[Site "Chess.com"]
[Date "2024.01.16"]
[Round "3"]
[White "danshev16"]
[Black "mbojan"]
[Result "0-1"]
[WhiteElo "2525"]
[BlackElo "2854"]
[TimeControl "180+1"]
[EndTime "14:26:52 PST"]
[Termination "mbojan won by resignation"]

1. d3 g6 2. c3 Bg7 3. Nd2 d6 4. h3 e5 5. g4 Nc6 6. Bg2 h5 7. Qb3 hxg4 8. hxg4 Rxh1 9. Bxh1 Nh6 10. Bd5 Qe7 11.
f3 Nd8 12. Ne4 c6 13. Bg5 f6 14. Bxh6 Bxh6 15. Bg8 d5 16. Bxd5 cxd5 17. Qxd5 Be6 18.
Qb5+ Bd7 19. Qb3 Be6 20. Qb5+ Kf8 21. Nh3 Be3 22. d4 exd4 23. cxd4 Rc8 24. d5 Bd7 25.
Qd3 Bh6 26. Rd1 f5 27. d6 Qe5 28. Nef2 Nf7 29. gxf5 gxf5 30. Qd4 Qxd4 31. Rxd4 Rc1+ 32. Nd1 Be3 33. Rd3 f4 34. Nf2 Bf5 35. Rd5 Bc2 36.
Ne4 Rxd1+ 37. Rxd1 Bxd1 38. Kxd1 Ke8 39. Kc2 Kd7 40. Kd3 Nxd6 41. Nf6+ Kc6 42. Ng4 Nf5 43. Ne5+ Kd5 44. Nc4 Bc5 45. Nd2 Nd6 46. a3 a5 47.
Nf1 Nc4 48. Kc2 Ne3+ 49. Nxe3+ Bxe3 50. b4 axb4 51. axb4 Kc4 52. b5 Kxb5 0-1

[Event "Late-Titled-Tuesday-Blitz-January-16-2024"]
[Site "Chess.com"]
[Date "2024.01.16"]
[Round "3"]
[White "drdaro"]
[Black "Doudou2015"]
[Result "1-0"]
[WhiteElo "2412"]
[BlackElo "2214"]
[TimeControl "180+1"]
[EndTime "14:26:52 PST"]
[Termination "drdaro won by resignation"]

1. Nf3 d5 2. g3 c5 3. Bg2 Nc6 4. O-O Bg4 5. h3 Bf5 6. d4 Qd7 7. dxc5 Bxh3 8. a3 Rd8 9. b4 a6 10. Bb2 Nf6 11. c4 Bxg2 12. Kxg2 d4 13. b5 Na5 14. Qa4 Qc7 15. Bxd4 axb5 16. cxb5 Ra8 17. Qb4 Nd5 18. Qb2 f6 19. e4 e5 20. exd5 exd4 21.
Re1+ Kf7 22. d6 Qxc5 23. Qa2+ Qc4 24. Qb2 Nb3 25. Nbd2 Nxd2 26. Qxd2 Bxd6 27. Rac1 Qxb5 28. Qa2+ Kf8 29. Nxd4 Qd5+ 30. Qxd5 1-0

[Event "Late-Titled-Tuesday-Blitz-January-16-2024"]
[Site "Chess.com"]
[Date "2024.01.16"]
[Round "3"]
[White "ThaBarWa"]
[Black "MikeSailer"]
[Result "1-0"]
[WhiteElo "2402"]
[BlackElo "2192"]
[TimeControl "180+1"]
[EndTime "14:26:52 PST"]
[Termination "ThaBarWa won on time"]

1. d4 d5 2. c4 Bf5 3. Nc3 e6 4. cxd5 exd5 5. Qb3 Nc6 6. Be3 Bb4 7. Nf3 Nf6 8. Bg5 O-O 9. e3 Qd6 10. Bf4 Qe6 11. Bb5 Ne4 12. O-O Bxc3 13. bxc3 Rfc8 14. Qa3 Ne7 15. Ne5 c6 16. Be2 f6 17. Nd3 Qf7 18. h3 g5 19. Bh2 Bg6 20. Rad1 Nf5 21. Qc1 b5 22. f3 Ned6 23. Nc5 Nc4 24. e4 Nfe3 25.
Bxc4 Nxf1 26. Bxf1 dxe4 27. fxe4 Bh5 28. g4 Bg6 29. Bg2 Qg7 30. e5 h5 31. Rf1 hxg4 32. hxg4 fxe5 33. Bxe5 1-0

[Event "Late-Titled-Tuesday-Blitz-January-16-2024"]
[Site "Chess.com"]
[Date "2024.01.16"]
[Round "3"]
[White "Pitomina-inactive"]
[Black "kenta1234"]
[Result "0-1"]
[WhiteElo "2546"]
[BlackElo "2774"]
[TimeControl "180+1"]
[EndTime "14:26:55 PST"]
[Termination "kenta1234 won by checkmate"]

1. g4 d6 2. Bg2 Nc6 3. h3 h5 4. g5 e5 5. d3 Nge7 6. h4 Be6 7.
c4 Nf5 8. Nc3 f6 9. Nh3 Nxh4 10.
Bd5 Qd7 11. Bxe6 Qxe6 12. Nd5 O-O-O 13. Be3 Ng2+ 14. Kd2 f5 15. Rh2 Nxe3 16. fxe3 Ne7 17. Qa4 Kb8 18. Nc3 g6 19. Rhh1 Bg7 20. e4 fxe4 21. Nxe4 d5 22. cxd5 Nxd5 23. Rac1 Nb6 24. Qb3 Qxb3 25. axb3 Rhf8 26. Ng1 Rf4 27. Nf3 Rxe4 28.
Nh4 Rg4 29. Rcg1 Rxg1 30. Rxg1 Rd4 31. Nxg6 Rg4 32. Rxg4 hxg4 33. Ke3 Kc8 34. Nh4 Nd5+ 35. Ke4 Nf4 36. Nf5 Bh8 37. e3 Ng6 38. Nh6 g3 39.
Kf3 e4+ 40. dxe4 Bxb2 41. Kxg3 b5 42. Kg4 a5 43. Kf5 Ne7+ 44. Ke6 Kd8 45. Nf7+ Ke8 46. e5 a4 47. bxa4 bxa4 48. Nd6+ cxd6 49. exd6 Ng6 50.
Kf5 Nh4+ 51. Ke6 a3 52. g6 Nxg6 53. d7+ Kd8 54. Kf7 Ne5+ 55. Kg8 Nxd7 56. Kh7 a2 57. e4 a1=Q 58. e5 Bxe5 59. Kg8 Qf1 60. Kh7 Qf7+ 61. Kh6 Bf4# 0-1

[Event "Late-Titled-Tuesday-Blitz-January-16-2024"]
[Site "Chess.com"]
[Date "2024.01.16"]
[Round "3"]
[White "Rodalquilar"]
[Black "JuniorJumper"]
[Result "1-0"]
[WhiteElo "2742"]
[BlackElo "2512"]
[TimeControl "180+1"]
[EndTime "14:26:55 PST"]
[Termination "Rodalquilar won by checkmate"]

1. d4 d5 2. Nf3 e6 3. Bf4 Bd6 4. e3 Nf6 5. Nbd2 O-O 6. c3 c5 7.
Bd3 b6 8. Bxd6 Qxd6 9. e4 Qe7 10. e5 Nfd7 11. Qe2 a5 12. h4 h6 13. g4 Ba6 14. Bxa6 Nxa6 15. a3 g6 16. Qe3 Kh7 17.
Qf4 Rac8 18. Qe3 cxd4 19. cxd4 a4 20. Qd3 Nc7 21. h5 Kg7 22. g5 Rh8 23. Rg1 hxg5 24.
hxg6 f5 25. Nxg5 Nf8 26. Nf7 Rh4 27. Nd6 Ra8 28. Qxf5 Rxd4 29. Rc1 Ne8 30. Qf7+ Qxf7 31. gxf7+ Ng6 32. fxe8=Q Rxe8 33. Nxe8+ Kf7 34. Nd6+ Kg7 35.
Rc7+ Kh6 36. Nf7+ Kh5 37. Rg5+ Kh4 38. Nf3+ Kh3 39. Rg3# 1-0

[Event "Late-Titled-Tuesday-Blitz-January-16-2024"]
[Site "Chess.com"]
[Date "2024.01.16"]
[Round "3"]
[White "santosalberto1987"]
[Black "Korchmar_Vasiliy"]
[Result "0-1"]
[WhiteElo "2506"]
[BlackElo "2726"]
[TimeControl "180+1"]
[EndTime "14:26:55 PST"]
[Termination "Korchmar_Vasiliy won by resignation"]

1. e4 c5 2. Nf3 d6 3. Bb5+ Bd7 4. c4 g6 5. Nc3 Bg7 6. Bxd7+ Qxd7 7. d4 cxd4 8. Nxd4 Nc6 9. Be3 Nf6 10. f3 O-O 11. b3 Rac8 12. Rc1 Rfd8 13. O-O e6 14. Qd2 Qe8 15. Rfe1 Qf8 16. Qf2 a6 17. Red1 Ne5 18.
h3 Nfd7 19. f4 Nc6 20. Nxc6 Rxc6 21. Bd4 Rdc8 22. Bxg7 Qxg7 23. Ne2 Nc5 24. Qe3 Qb2 25. Rd2 Qa3 26. Rcd1 Nd7 27. e5 Rxc4 28. Rxd6 Nf8 29. R1d2 Rc2 30. Nd4 Qc1+ 0-1

[Event "Late-Titled-Tuesday-Blitz-January-16-2024"]
[Site "Chess.com"]
[Date "2024.01.16"]
[Round "3"]
[White "chucksterf10"]
[Black "Machteldvf"]
[Result "1/2-1/2"]
[WhiteElo "2629"]
[BlackElo "2472"]
[TimeControl "180+1"]
[EndTime "14:26:56 PST"]
[Termination "Game drawn - insufficient material"]

1. b3 Nf6 2. Bb2 b6 3. Nf3 Bb7 4. e3 e6 5. Be2 c5 6. O-O Be7 7. c4 O-O 8. Nc3 Nc6 9. d4 cxd4 10. Nxd4 d5 11. cxd5 Nxd5 12. Nxd5 exd5 13. Rc1 Nxd4 14. Qxd4 Bf6 15. Qd2 Bxb2 16. Qxb2 Rc8 17. Bf3 Qd7 18. Qd4 Rxc1 19. Rxc1 Rc8 20. Re1 Rc2 21. a4 Qf5 22. h4 h6 23. Rd1 Bc6 24. Rd2 Rxd2 25. Qxd2 Qb1+ 26. Qd1 Qxd1+ 27. Bxd1 Kf8 28. Kf1 Ke7 29.
Ke2 Kd6 30. Kd3 d4 31. e4 Ke5 32. g3 Bxe4+ 33. Kd2 d3 34. Ke3 Bg6 35. h5 Bh7 36. b4 Kd5 37. Bb3+ Kc6 38. Bxf7 a5 39. bxa5 bxa5 40. Bc4 Kc5 41. Bxd3 Bxd3 42. Kxd3 Kb4 43. g4 Kxa4 44. Kc4 Ka3 45. Kc3 Ka4 46. Kc4 Ka3 47.
f4 Kb2 48. Kb5 Kc3 49. g5 Kd4 50. f5 hxg5 51. f6 gxf6 52. h6 g4 53. h7 f5 54.
h8=Q+ Ke4 55. Qe8+ Kf3 56. Qa8+ Kg3 57. Qb8+ f4 58. Kxa5 Kf3 59. Qb3+ Kf2 60. Qc2+ Kg3 61. Kb4 f3 62. Kc3 f2 63. Qd3+ Kg2 64. Qe4+ Kg1 65. Qxg4+ Kh1 66. Qh3+ Kg1 67. Qg3+ Kh1 68. Qh4+ Kg1 69.
Qg4+ Kh1 70. Qf3+ Kg1 71. Qe3 Kh1 72. Qe4+ Kg1 73. Qd4 Kh1 74. Qd5+ Kg1 75. Qc5 Kh1 76. Qc6+ Kg1 77. Qb6 Kh1 78. Qb7+ Kg1 79. Qa7 Kh1 80.
Qa8+ Kg1 81. Qg8+ Kh1 82. Qf7 Kg1 83. Qg7+ Kh1 84. Qf6 Kg1 85. Qg6+ Kh1 86. Qf5 Kg1 87. Qg5+ Kh1 88. Qh4+ Kg1 89. Qg3+ Kh1 90. Kd2 f1=N+ 91. Ke2 Nxg3+ 1/2-1/2

[Event "Late-Titled-Tuesday-Blitz-January-16-2024"]
[Site "Chess.com"]
[Date "2024.01.16"]
[Round "3"]
[White "krzyzan94"]
[Black "LyonBeast"]
[Result "0-1"]
[WhiteElo "2817"]
[BlackElo "3167"]
[TimeControl "180+1"]
[EndTime "14:26:57 PST"]
[Termination "LyonBeast won by resignation"]

1. e4 c5 2. Nf3 Nc6 3. Bb5 g6 4. O-O Bg7 5. Re1 Nf6 6. Bxc6 dxc6 7. e5 Nd5 8. d3 O-O 9. h3 h6 10. a4 Be6 11. Nbd2 b6 12. Ne4 Qd7 13. Bd2 f5 14.
exf6 exf6 15. Ng3 Rae8 16. a5 Bf7 17. axb6 axb6 18. Rxe8 Rxe8 19. c4 Nb4 20. Bxb4 cxb4 21. b3 f5 22. Ra2 f4 23. Nf1 c5 24. Re2 g5 25. Rxe8+ Bxe8 26. d4 cxd4 27. Qd3 Qd6 28. N1d2 Bg6 29. Ne4 Qe6 30. Nfd2 h5 31. f3 g4 32.
hxg4 hxg4 33. Qe2 g3 34. Qd1 d3 35. Kf1 Bf5 36. Qb1 Qh6 37. Qxd3 Qh1+ 38. Ke2 Qxg2+ 39. Kd1 Qg1+ 40. Kc2 Qd4 41. Qe2 Qb2+ 42. Kd1 Qa1+ 43. Kc2 Bc3 44. Qd3 Qb2+ 45. Kd1 Qxd2+ 46. Qxd2 Bxd2 47.
Nxd2 g2 0-1

[Event "Late-Titled-Tuesday-Blitz-January-16-2024"]
[Site "Chess.com"]
[Date "2024.01.16"]
[Round "3"]
[White "rasmussvane"]
[Black "tdf98pantani"]
[Result "1-0"]
[WhiteElo "2984"]
[BlackElo "2695"]
[TimeControl "180+1"]
[EndTime "14:26:57 PST"]
[Termination "rasmussvane won by resignation"]

1. Nf3 d5 2. g3 Nd7 3. d4 Nb6 4.
Bg2 Bf5 5. Nbd2 c6 6. Nh4 e6 7. e4 dxe4 8. Nxe4 Bxe4 9. Bxe4 Be7 10. Nf3 Nf6 11. Bd3 O-O 12. O-O Nfd7 13. Re1 Bf6 14.
c3 c5 15. Be4 cxd4 16. Nxd4 Nc5 17. Bg2 Nd5 18. Nb3 Na4 19. Nd2 Naxc3 20. bxc3 Nxc3 21.
Qg4 Rc8 22. Nb3 Qd3 23. Bb2 Rfd8 24. Rac1 h5 25. Qxh5 Nxa2 26. Rxc8 Rxc8 27. Bxf6 gxf6 28. Qg4+ Kf8 29. Nd4 Rc4 30. Nxe6+ fxe6 31. Qxe6 Rc1 32. Qxf6+ Kg8 33. Qg5+ Kf8 34. Rxc1 Nxc1 35. Qxc1 1-0

[Event "Late-Titled-Tuesday-Blitz-January-16-2024"]
[Site "Chess.com"]
[Date "2024.01.16"]
[Round "3"]
[White "SergioMoralesG"]
[Black "shrek4life02"]
[Result "0-1"]
[WhiteElo "2467"]
[BlackElo "2640"]
[TimeControl "180+1"]
[EndTime "14:26:58 PST"]
[Termination "shrek4life02 won by checkmate"]

1. d4 d5 2. c4 c6 3. Nf3 Nf6 4. Nc3 dxc4 5. a4 Bf5 6. Ne5 Nbd7 7. Nxc4 e6 8. f3 Bb4 9. e4 Nxe4 10. fxe4 Qh4+ 11. Kd2 Qxe4 12. Qf3 Qxd4+ 13. Ke1 Bg4 14. Qd3 Qc5 15. Be3 Qh5 16. Nd6+ Bxd6 17. Qxd6 Rd8 18.
Qf4 O-O 19. Qg5 Qxg5 20. Bxg5 f6 21. Be3 b6 22. Be2 Bxe2 23. Kxe2 Ne5 24. Rhd1 Nc4 25.
Rxd8 Rxd8 26. b4 e5 27. a5 e4 28. Rd1 Rxd1 29. Nxd1 bxa5 30. bxa5 Nxa5 31. Bxa7 Kf7 32.
Nc3 f5 33. Ke3 Ke6 34. Bd4 g5 35. g3 Nc4+ 36. Ke2 h5 37. Be3 Kf6 38. Bd4+ Kg6 39. Nd1 Nd6 40. Ne3 f4 41. gxf4 gxf4 42. Be5 f3+ 43. Kf2 Nf7 44. Bc3 Kg5 45. Nc4 Kh4 46. Be5 Kh3 47. Bg3 h4 48. Bc7 Nh6 49. Nd2 Ng4+ 50.
Kg1 f2+ 51. Kf1 e3 52. Nc4 c5 53. Ke2 Kg2 54. Bd6 f1=Q# 0-1

[Event "Late-Titled-Tuesday-Blitz-January-16-2024"]
[Site "Chess.com"]
[Date "2024.01.16"]
[Round "3"]
[White "Siniauski"]
[Black "Bauman_Guy"]
[Result "0-1"]
[WhiteElo "2606"]
[BlackElo "2909"]
[TimeControl "180+1"]
[EndTime "14:26:59 PST"]
[Termination "Bauman_Guy won by checkmate"]

1. e4 c5 2. Nf3 d6 3. c3 Nf6 4. Be2 Bd7 5. Qc2 Nc6 6. O-O g6 7.
a3 Bg7 8. d4 Rc8 9. d5 Nb8 10.
c4 a6 11. Nc3 O-O 12. Re1 Bg4 13. h3 Bxf3 14. Bxf3 Nbd7 15. Be3 Rb8 16. b4 Ne8 17. Rab1 cxb4 18. axb4 Rc8 19. Qb3 b5 20. c5 dxc5 21.
bxc5 Nxc5 22. Bxc5 Rxc5 23. Ne2 Nd6 24. Nf4 Rc3 25. Qa2 Nc4 26. Rbd1 Qd6 27. Ne2 Ra3 28. Qc2 Rc8 29. Bg4 Rc7 30. Qb1 h5 31. Bf3 Ra1 32.
Qb3 Ra3 33. Qb1 Ra1 34. Qb3 Qa3 35. Qxa3 Rxa3 36. Nd4 Bxd4 37. Rxd4 Ne5 38. Be2 g5 39. Bxh5 Rc2 40. Re2 Ra1+ 41. Kh2 Rxe2 42. Bxe2 Ra2 43. Bd1 Rxf2 44. d6 exd6 45. Rxd6 Rf1 46. Bb3 Rb1 47.
Bd5 a5 48. Ra6 a4 49. h4 gxh4 50. Kh3 Rh1# 0-1

[Event "Late-Titled-Tuesday-Blitz-January-16-2024"]
[Site "Chess.com"]
[Date "2024.01.16"]
[Round "3"]
[White "gxbg2000"]
[Black "diamonds13"]
[Result "0-1"]
[WhiteElo "2078"]
[BlackElo "2344"]
[TimeControl "180+1"]
[EndTime "14:27:00 PST"]
[Termination "diamonds13 won by checkmate"]

1. e4 c5 2. Nf3 e6 3. d4 cxd4 4.
Nxd4 Nf6 5. Bd3 Nc6 6. Nxc6 bxc6 7. O-O d5 8. Qe2 Be7 9. Nc3 d4 10. Nd1 e5 11. f4 Nd7 12. f5 f6 13. b3 Nc5 14.
Nf2 a5 15. a4 Ba6 16. Bxa6 Nxa6 17. Nd3 Nb4 18. Nxb4 Bxb4 19. Qc4 Qd6 20. Bb2 Rb8 21. Rad1 Bc5 22. Qd3 Rb4 23. Kh1 O-O 24. Ba3 Rb6 25.
Bxc5 Qxc5 26. h4 Rfb8 27. h5 h6 28. Kh2 Qb4 29. Rf3 c5 30. Kh3 Rc6 31. Qe2 c4 32. g3 d3 33. cxd3 cxb3 34. Rb1 Rc2 35. Qe3 b2 36.
Rff1 Qd2 37. Qxd2 Rxd2 38. Rf3 Rb4 39. Kg4 Rxa4 40. d4 exd4 41. Rb3 Ra2 42. Rb8+ Kf7 43.
Rb7+ Kf8 44. e5 fxe5 45. f6 Rf2 46. fxg7+ Kg8 47. Re1 Rf7 48. Rb8+ Kxg7 49. Rxe5 d3 50. Rd5 Ra4+ 51. Kh3 Rb4 52. Ra8 b1=Q 53. Raxa5 Qh1# 0-1

[Event "Late-Titled-Tuesday-Blitz-January-16-2024"]
[Site "Chess.com"]
[Date "2024.01.16"]
[Round "3"]
[White "Sanyura"]
[Black "lrjchess"]
[Result "1-0"]
[WhiteElo "2639"]
[BlackElo "2464"]
[TimeControl "180+1"]
[EndTime "14:27:01 PST"]
[Termination "Sanyura won by resignation"]

1. e4 d5 2. exd5 Nf6 3. Nf3 Bg4 4. g3 Qxd5 5. Bg2 Qe4+ 6. Qe2 Qxe2+ 7. Kxe2 Nc6 8. c3 O-O-O 9. h3 Bh5 10. d4 e5 11.
g4 Bg6 12. Nxe5 Nxe5 13. dxe5 Ne4 14. Nd2 Nc5 15. Nb3 Nd3 16. f4 f5 17. Rd1 Nc5 18.
Rxd8+ Kxd8 19. Be3 Na4 20. Rd1+ Kc8 21. Bd5 Be7 22.
Be6+ Kb8 23. Rd7 Re8 24. Bxf5 Bxf5 25. gxf5 Nxb2 26. Bd4 Na4 27. Kf3 c5 28. f6 gxf6 29. exf6 Bf8 30. f7 Rc8 31. Be5+ Ka8 32. Na5 b6 33.
Nc6 Rxc6 34. Rd8+ Kb7 35. Rxf8 1-0

[Event "Late-Titled-Tuesday-Blitz-January-16-2024"]
[Site "Chess.com"]
[Date "2024.01.16"]
[Round "3"]
[White "nindjaxx8"]
[Black "AEMEffi"]
[Result "1-0"]
[WhiteElo "2577"]
[BlackElo "2344"]
[TimeControl "180+1"]
[EndTime "14:27:02 PST"]
[Termination "nindjaxx8 won on time"]

1. d4 d5 2. c4 c6 3. Nc3 Nf6 4. cxd5 cxd5 5. Bf4 Nc6 6. e3 a6 7.
Nf3 e6 8. Bd3 Bd6 9. Bg3 Bxg3 10. hxg3 Qd6 11. O-O O-O 12. Rc1 e5 13. dxe5 Nxe5 14.
Nxe5 Qxe5 15. Be2 h5 16. Qd2 Bg4 17. Rfd1 Rad8 18. Qd4 Qg5 19. Bxg4 hxg4 20. Rd2 Rd6 21. Rcd1 Rfd8 22. Qc5 b6 23. Qa3 b5 24. Qc5 Qe5 25. Rd4 R6d7 26. e4 Rc7 27. Qb6 Rdc8 28. exd5 Rc4 29. Rxc4 Rxc4 30. d6 Nd7 31. Qd8+ Nf8 32. d7 Rd4 33. Qe8 1-0